[ AOE2 MATCH · #464211471 ]
UnrankedVietnamese vs Portuguese
[ REPLAY ANALYSIS · EXTRACTED FROM THE RECORDED GAME ]
Feudal
13:47
Castle
23:22
Imperial
45:10
| APM avg | 16.1 |
| APM peak | 46 |
| eAPM avg | 8.5 |
| Villagers / military | 45 / 101 |
Focus
⚔️ 41.7% · 🌾 58.3%
Archer ×80 · Fishing Ship ×10 · Skirmisher ×8 · Rattan Archer ×8 · Demolition Raft ×2 · Monk ×1
Feudal
15:02
Castle
20:35
Imperial
34:42
| APM avg | 15.7 |
| APM peak | 51 |
| eAPM avg | 9.8 |
| Villagers / military | 94 / 97 |
Focus
⚔️ 35.0% · 🌾 65.0%
Hand Cannoneer ×67 · Camel Scout ×14 · Bombard Cannon ×9 · Ghulam ×4 · Spearman ×3
Feudal
13:35
Castle
30:03
Imperial
37:54
| APM avg | 14.4 |
| APM peak | 34 |
| eAPM avg | 9.0 |
| Villagers / military | 67 / 101 |
Focus
⚔️ 41.3% · 🌾 58.7%
Organ Gun ×86 · Fishing Ship ×11 · Bombard Cannon ×9 · Trebuchet (Packed) ×4 · Monk ×2 · Trade Cart ×2
Feudal
16:25
Castle
23:29
Imperial
46:11
| APM avg | 30.1 |
| APM peak | 56 |
| eAPM avg | 14.7 |
| Villagers / military | 152 / 136 |
Focus
⚔️ 20.3% · 🌾 79.7%
Mangudai ×71 · Steppe Lancer ×51 · Fishing Ship ×19 · Battering Ram ×8 · Trebuchet (Packed) ×4 · Fire Galley ×2
Feudal
17:08
Castle
20:39
Imperial
—
| APM avg | 11.1 |
| APM peak | 23 |
| eAPM avg | 8.3 |
| Villagers / military | 163 / 35 |
Focus
⚔️ 24.0% · 🌾 76.0%
Militia ×31 · Battering Ram ×4
Feudal
—
Castle
—
Imperial
—
| APM avg | 11.7 |
| APM peak | 44 |
| eAPM avg | 8.7 |
| Villagers / military | 85 / 81 |
Focus
⚔️ 34.7% · 🌾 65.3%
Knight ×32 · Scout Cavalry ×23 · Conquistador ×20 · Fishing Ship ×8 · Fire Galley ×3 · Spearman ×2
Match map
Initial resources + every placement click. Lines = walls · curves = elevation contours. ◆ gold · ⬟ stone · ● berries · ✦ relic · ◌ wall gap
Your base· Open — unwalled flank
MR WOODY's base· Open — unwalled flank
Pascucito's base· Open — unwalled flank
Minion's base· Open — unwalled flank
Cpl.Psnype.ANZACS.NZ's base· Open — unwalled flank
puchinomicon's base· Open — unwalled flank
Smoothed initial terrain · ◌ = detected wall gap · hover for details
Inputs per minute
— Umbra - - MR WOODY
Build order — Umbra
First 150 of 241 actions detected
| 2:27 | Build | Town Center |
| 3:05 | Build | House |
| 4:18 | Create | Villager (Male) |
| 4:48 | Create | Villager (Male) |
| 4:55 | Create | Villager (Male) |
| 5:15 | Create | Villager (Male) |
| 5:42 | Create | Villager (Male) |
| 6:14 | Build | Lumber Camp |
| 6:18 | Create | Villager (Male) |
| 6:41 | Build | House |
| 6:49 | Create | Villager (Male) |
| 7:37 | Create | Villager (Male) |
| 7:37 | Create | Villager (Male) |
| 8:09 | Create | Villager (Male) |
| 8:56 | Create | Villager (Male) |
| 8:57 | Create | Villager (Male) |
| 9:43 | Build | House |
| 9:51 | Research | Loom |
| 10:15 | Build | Barracks |
| 10:30 | Create | Villager (Male) |
| 11:37 | Research | Feudal Age |
| 11:51 | Build | Dock |
| 12:41 | Create | Villager (Male) |
| 12:42 | Create | Villager (Male) |
| 12:51 | Build | House |
| 12:52 | Create | Fishing Ship |
| 13:47 | Create | Fishing Ship |
| 13:47 | Age | Feudal Age |
| 13:52 | Create | Villager (Male) |
| 13:53 | Research | Double-Bit Axe |
| 14:18 | Create | Villager (Male) |
| 14:37 | Research | Tech 906 |
| 15:06 | Create | Villager (Male) |
| 15:44 | Build | Mining Camp |
| 15:48 | Create | Villager (Male) |
| 15:59 | Create | Villager (Male) |
| 16:10 | Create | Fishing Ship |
| 16:28 | Create | Fishing Ship |
| 17:10 | Build | Lumber Camp |
| 17:33 | Build | Dock |
| 17:43 | Create | Villager (Male) |
| 17:45 | Create | Villager (Male) |
| 18:08 | Build | Archery Range |
| 18:23 | Create | Fishing Ship |
| 18:36 | Create | Villager (Male) |
| 18:36 | Create | Villager (Male) |
| 18:42 | Build | House |
| 18:44 | Build | House |
| 18:51 | Research | Wheelbarrow |
| 18:58 | Research | Gold Mining |
| 19:07 | Build | Blacksmith |
| 19:11 | Create | Archer |
| 19:12 | Create | Archer |
| 19:34 | Create | Villager (Male) |
| 19:46 | Create | Fishing Ship |
| 19:48 | Create | Fishing Ship |
| 20:14 | Create | Villager (Male) |
| 20:30 | Create | Demolition Raft |
| 20:35 | Create | Fishing Ship |
| 20:42 | Research | Castle Age |
| 21:01 | Create | Archer |
| 21:02 | Create | Archer |
| 21:16 | Build | Archery Range |
| 21:32 | Build | Archery Range |
| 22:41 | Create | Unit 2626 |
| 22:42 | Create | Galley |
| 22:59 | Create | Archer |
| 22:59 | Create | Archer |
| 23:13 | Research | Fletching |
| 23:18 | Research | Stone Mining |
| 23:22 | Age | Castle Age |
| 24:23 | Build | Town Center |
| 24:33 | Create | Villager (Male) |
| 24:33 | Create | Villager (Male) |
| 24:38 | Research | Crossbowman (upgrade) |
| 24:44 | Research | Thumb Ring |
| 24:47 | Research | Padded Archer Armor |
| 25:39 | Build | Mill |
| 25:45 | Create | Villager (Male) |
| 25:46 | Create | Villager (Male) |
| 25:48 | Create | Villager (Male) |
| 25:48 | Create | Villager (Male) |
| 25:52 | Research | Bow Saw |
| 26:02 | Build | Lumber Camp |
| 26:14 | Research | Gillnets |
| 26:22 | Create | Demolition Raft |
| 26:26 | Create | Fishing Ship |
| 26:29 | Create | Fishing Ship |
| 26:37 | Create | Archer |
| 26:37 | Create | Archer |
| 26:38 | Create | Archer |
| 26:39 | Create | Archer |
| 26:52 | Build | Farm |
| 26:53 | Build | Farm |
| 26:57 | Build | Farm |
| 27:00 | Build | Farm |
| 27:02 | Build | Farm |
| 27:03 | Build | Farm |
| 27:11 | Research | Horse Collar |
| 28:08 | Create | Villager (Male) |
| 28:21 | Create | Archer |
| 28:22 | Create | Archer |
| 28:48 | Build | Farm |
| 29:15 | Build | House |
| 29:20 | Build | House |
| 29:21 | Build | House |
| 29:32 | Create | Archer |
| 29:32 | Create | Archer |
| 29:39 | Research | Heavy Plow |
| 30:01 | Create | Archer |
| 30:02 | Create | Archer |
| 30:02 | Create | Archer |
| 30:02 | Create | Archer |
| 30:07 | Research | Bodkin Arrow |
| 30:38 | Build | Farm |
| 30:42 | Build | Farm |
| 30:44 | Create | Villager (Male) |
| 30:44 | Create | Villager (Male) |
| 30:50 | Create | Archer |
| 30:50 | Create | Archer |
| 30:51 | Create | Archer |
| 30:51 | Create | Archer |
| 31:20 | Build | Archery Range |
| 31:42 | Build | Mining Camp |
| 31:45 | Create | Villager (Male) |
| 31:46 | Create | Villager (Male) |
| 32:17 | Build | Mining Camp |
| 32:30 | Create | Villager (Male) |
| 32:30 | Create | Villager (Male) |
| 32:38 | Create | Archer |
| 32:38 | Create | Archer |
| 32:39 | Create | Archer |
| 32:44 | Build | House |
| 32:53 | Research | Leather Archer Armor |
| 33:18 | Create | Villager (Male) |
| 33:18 | Create | Villager (Male) |
| 33:57 | Build | Monastery |
| 34:35 | Create | Archer |
| 34:35 | Create | Archer |
| 34:35 | Create | Archer |
| 34:54 | Build | House |
| 34:58 | Build | House |
| 35:10 | Create | Monk |
| 35:22 | Build | House |
| 35:24 | Build | House |
| 35:30 | Research | Stone Shaft Mining |
| 36:35 | Create | Villager (Male) |
| 36:36 | Create | Villager (Male) |
| 36:50 | Create | Archer |
| 36:50 | Create | Archer |
Build order — MR WOODY
First 150 of 301 actions detected
| 2:02 | Build | Town Center |
| 2:19 | Build | House |
| 3:54 | Create | Villager (Male) |
| 3:55 | Create | Villager (Male) |
| 3:55 | Create | Villager (Male) |
| 3:55 | Create | Villager (Male) |
| 4:41 | Create | Villager (Male) |
| 5:39 | Build | House |
| 6:11 | Create | Villager (Male) |
| 6:11 | Create | Villager (Male) |
| 6:21 | Build | House |
| 6:45 | Create | Villager (Male) |
| 7:05 | Create | Villager (Male) |
| 7:16 | Build | House |
| 7:53 | Create | Villager (Male) |
| 8:18 | Create | Villager (Male) |
| 9:00 | Create | Villager (Male) |
| 9:17 | Create | Villager (Male) |
| 9:39 | Create | Villager (Male) |
| 9:39 | Create | Villager (Male) |
| 9:40 | Create | Villager (Male) |
| 9:57 | Build | Lumber Camp |
| 10:21 | Build | Mill |
| 11:02 | Create | Villager (Male) |
| 11:29 | Create | Villager (Male) |
| 11:55 | Create | Villager (Male) |
| 12:28 | Build | House |
| 12:29 | Build | House |
| 12:32 | Build | House |
| 12:34 | Build | House |
| 12:52 | Research | Feudal Age |
| 13:45 | Build | Barracks |
| 13:52 | Create | Villager (Male) |
| 13:52 | Create | Villager (Male) |
| 15:02 | Age | Feudal Age |
| 15:20 | Build | Stone Wall |
| 15:23 | Build | Building 487 |
| 15:36 | Build | Market |
| 15:40 | Build | Blacksmith |
| 16:06 | Create | Villager (Male) |
| 16:14 | Research | Horse Collar |
| 16:17 | Research | Double-Bit Axe |
| 16:29 | Build | Mining Camp |
| 16:41 | Create | Villager (Male) |
| 16:41 | Create | Villager (Male) |
| 16:41 | Create | Villager (Male) |
| 17:37 | Build | Mining Camp |
| 17:55 | Research | Castle Age |
| 18:09 | Build | Stone Wall |
| 18:13 | Build | Building 487 |
| 18:34 | Build | Farm |
| 18:34 | Build | Farm |
| 18:37 | Build | Farm |
| 18:38 | Build | Farm |
| 18:40 | Build | Farm |
| 19:00 | Build | Stone Wall |
| 19:23 | Build | Stone Wall |
| 19:26 | Build | Building 487 |
| 20:00 | Create | Villager (Male) |
| 20:15 | Build | Stone Wall |
| 20:20 | Build | Stone Wall |
| 20:35 | Age | Castle Age |
| 20:44 | Create | Spearman |
| 20:44 | Create | Spearman |
| 21:00 | Create | Villager (Male) |
| 21:08 | Build | Farm |
| 21:13 | Create | Villager (Male) |
| 21:30 | Build | Stone Wall |
| 21:55 | Build | Farm |
| 22:00 | Build | Farm |
| 22:05 | Create | Villager (Male) |
| 22:05 | Create | Villager (Male) |
| 23:15 | Build | Town Center |
| 23:19 | Create | Villager (Male) |
| 23:19 | Create | Villager (Male) |
| 23:20 | Create | Villager (Male) |
| 23:20 | Create | Villager (Male) |
| 23:27 | Build | Farm |
| 23:29 | Build | Farm |
| 23:39 | Research | Stone Mining |
| 23:40 | Research | Stone Mining |
| 24:10 | Create | Spearman |
| 24:32 | Create | Villager (Male) |
| 24:32 | Create | Villager (Male) |
| 24:32 | Create | Villager (Male) |
| 24:33 | Create | Villager (Male) |
| 25:15 | Create | Villager (Male) |
| 25:15 | Create | Villager (Male) |
| 25:16 | Create | Villager (Male) |
| 25:16 | Create | Villager (Male) |
| 25:31 | Create | Villager (Male) |
| 25:31 | Create | Villager (Male) |
| 25:31 | Create | Villager (Male) |
| 26:15 | Build | Castle |
| 26:36 | Create | Villager (Male) |
| 26:36 | Create | Villager (Male) |
| 26:40 | Create | Villager (Male) |
| 26:40 | Create | Villager (Male) |
| 26:41 | Create | Villager (Male) |
| 26:57 | Research | Bow Saw |
| 27:00 | Research | Heavy Plow |
| 27:04 | Research | Gold Mining |
| 27:25 | Build | Farm |
| 27:34 | Build | Farm |
| 27:36 | Build | Farm |
| 27:38 | Build | Farm |
| 27:39 | Build | Farm |
| 27:54 | Build | Farm |
| 27:56 | Build | Farm |
| 27:58 | Build | Farm |
| 28:00 | Build | Farm |
| 28:04 | Build | Farm |
| 28:44 | Build | Mill |
| 28:53 | Create | Villager (Male) |
| 28:54 | Create | Villager (Male) |
| 28:54 | Create | Villager (Male) |
| 28:54 | Create | Villager (Male) |
| 29:09 | Create | Ghulam |
| 29:09 | Create | Ghulam |
| 29:09 | Create | Ghulam |
| 29:09 | Create | Ghulam |
| 29:28 | Build | Farm |
| 29:29 | Build | Farm |
| 29:32 | Build | Farm |
| 29:34 | Build | Farm |
| 29:36 | Build | Farm |
| 29:40 | Build | Farm |
| 29:52 | Create | Villager (Male) |
| 30:02 | Create | Villager (Male) |
| 30:02 | Create | Villager (Male) |
| 30:49 | Build | House |
| 30:50 | Build | House |
| 30:51 | Build | House |
| 30:52 | Build | House |
| 30:54 | Build | House |
| 30:56 | Build | House |
| 30:57 | Build | House |
| 31:04 | Build | Siege Workshop |
| 31:12 | Build | Stable |
| 31:23 | Build | Stable |
| 31:25 | Build | Stable |
| 31:32 | Research | Imperial Age |
| 31:35 | Create | Villager (Male) |
| 31:35 | Create | Villager (Male) |
| 31:35 | Create | Villager (Male) |
| 31:36 | Create | Villager (Male) |
| 31:36 | Create | Villager (Male) |
| 31:36 | Create | Villager (Male) |
| 31:37 | Create | Villager (Male) |
| 31:45 | Build | Lumber Camp |
Build order — Pascucito
First 150 of 272 actions detected
| 1:11 | Build | Dock |
| 1:40 | Build | Town Center |
| 3:36 | Build | House |
| 3:38 | Create | Villager (Male) |
| 3:38 | Create | Villager (Male) |
| 3:42 | Research | Loom |
| 3:43 | Create | Villager (Male) |
| 3:44 | Create | Villager (Male) |
| 3:58 | Create | Villager (Male) |
| 4:33 | Create | Villager (Male) |
| 4:59 | Create | Villager (Male) |
| 5:22 | Build | House |
| 6:20 | Create | Villager (Male) |
| 6:21 | Create | Villager (Male) |
| 6:21 | Create | Villager (Male) |
| 7:33 | Create | Villager (Male) |
| 7:34 | Create | Fishing Ship |
| 8:42 | Create | Fishing Ship |
| 8:52 | Build | House |
| 9:03 | Build | House |
| 9:18 | Create | Villager (Male) |
| 9:19 | Create | Villager (Male) |
| 9:19 | Create | Villager (Male) |
| 10:03 | Build | Mill |
| 10:09 | Create | Villager (Male) |
| 10:09 | Create | Villager (Male) |
| 10:16 | Create | Fishing Ship |
| 11:25 | Research | Feudal Age |
| 11:30 | Create | Fishing Ship |
| 11:33 | Create | Fishing Ship |
| 12:54 | Create | Villager (Male) |
| 13:09 | Build | House |
| 13:11 | Build | House |
| 13:19 | Build | House |
| 13:35 | Age | Feudal Age |
| 13:38 | Research | Wheelbarrow |
| 13:47 | Research | Tech 906 |
| 13:59 | Create | Villager (Male) |
| 14:00 | Create | Villager (Male) |
| 15:02 | Create | Fishing Ship |
| 15:05 | Create | Fishing Ship |
| 15:41 | Create | Villager (Male) |
| 15:42 | Create | Villager (Male) |
| 15:42 | Create | Villager (Male) |
| 15:47 | Build | Lumber Camp |
| 16:45 | Create | Villager (Male) |
| 16:45 | Create | Villager (Male) |
| 17:21 | Create | Villager (Male) |
| 17:21 | Create | Villager (Male) |
| 20:09 | Create | Villager (Male) |
| 20:09 | Create | Villager (Male) |
| 20:10 | Create | Villager (Male) |
| 20:21 | Build | House |
| 20:39 | Build | Mining Camp |
| 20:41 | Create | Villager (Male) |
| 20:42 | Create | Villager (Male) |
| 20:42 | Create | Villager (Male) |
| 20:42 | Create | Villager (Male) |
| 20:51 | Build | House |
| 21:37 | Build | Mill |
| 21:45 | Build | House |
| 21:54 | Create | Villager (Male) |
| 21:54 | Create | Villager (Male) |
| 21:59 | Research | Gold Mining |
| 22:03 | Research | Double-Bit Axe |
| 22:12 | Create | Fishing Ship |
| 22:32 | Build | House |
| 22:33 | Build | House |
| 22:38 | Create | Villager (Male) |
| 22:39 | Create | Villager (Male) |
| 23:28 | Create | Villager (Male) |
| 23:29 | Create | Villager (Male) |
| 24:03 | Build | Blacksmith |
| 24:41 | Build | Mill |
| 25:10 | Build | Market |
| 25:18 | Create | Villager (Male) |
| 25:18 | Create | Villager (Male) |
| 25:19 | Create | Villager (Male) |
| 25:37 | Create | Fishing Ship |
| 25:38 | Create | Fishing Ship |
| 26:13 | Create | Villager (Male) |
| 26:14 | Create | Villager (Male) |
| 26:14 | Create | Villager (Male) |
| 26:25 | Build | Mining Camp |
| 26:46 | Create | Villager (Male) |
| 26:47 | Create | Villager (Male) |
| 27:05 | Research | Castle Age |
| 27:42 | Build | Mining Camp |
| 28:05 | Build | Mining Camp |
| 28:27 | Build | Mill |
| 28:39 | Research | Stone Mining |
| 28:57 | Create | Fishing Ship |
| 29:22 | Create | Trade Cart |
| 29:23 | Create | Trade Cart |
| 30:03 | Age | Castle Age |
| 30:25 | Create | Villager (Male) |
| 30:26 | Create | Villager (Male) |
| 30:26 | Create | Villager (Male) |
| 30:54 | Create | Villager (Male) |
| 31:22 | Build | Town Center |
| 31:53 | Build | Castle |
| 32:09 | Build | House |
| 32:14 | Build | House |
| 32:15 | Build | House |
| 32:22 | Build | House |
| 32:25 | Build | House |
| 32:27 | Build | House |
| 32:44 | Research | Hand Cart |
| 32:56 | Build | University |
| 33:11 | Build | Monastery |
| 33:54 | Create | Villager (Male) |
| 33:55 | Create | Villager (Male) |
| 34:16 | Build | Lumber Camp |
| 34:18 | Create | Monk |
| 34:36 | Build | House |
| 34:38 | Build | House |
| 34:42 | Research | Imperial Age |
| 34:49 | Create | Villager (Male) |
| 34:49 | Create | Villager (Male) |
| 34:49 | Create | Villager (Male) |
| 34:50 | Create | Villager (Male) |
| 34:50 | Create | Villager (Male) |
| 34:54 | Create | Villager (Male) |
| 35:14 | Build | Lumber Camp |
| 35:26 | Research | Redemption |
| 35:28 | Create | Monk |
| 35:38 | Build | Mining Camp |
| 35:39 | Create | Organ Gun |
| 35:40 | Create | Organ Gun |
| 35:40 | Create | Organ Gun |
| 35:41 | Create | Organ Gun |
| 35:41 | Create | Organ Gun |
| 35:41 | Create | Organ Gun |
| 35:42 | Create | Organ Gun |
| 35:42 | Create | Organ Gun |
| 35:42 | Create | Organ Gun |
| 35:43 | Create | Organ Gun |
| 35:43 | Create | Organ Gun |
| 35:43 | Create | Organ Gun |
| 35:44 | Create | Organ Gun |
| 35:44 | Create | Organ Gun |
| 35:45 | Create | Organ Gun |
| 36:16 | Research | Tech 1404 |
| 36:27 | Create | Organ Gun |
| 36:28 | Create | Organ Gun |
| 36:28 | Create | Organ Gun |
| 36:29 | Create | Organ Gun |
| 36:29 | Create | Organ Gun |
| 36:30 | Create | Organ Gun |
| 36:30 | Create | Organ Gun |
Build order — Minion
First 150 of 363 actions detected
| 1:32 | Build | Town Center |
| 2:47 | Build | House |
| 2:51 | Build | House |
| 3:22 | Create | Villager (Male) |
| 3:23 | Create | Villager (Male) |
| 3:23 | Create | Villager (Male) |
| 3:23 | Create | Villager (Male) |
| 3:23 | Create | Villager (Male) |
| 3:28 | Build | House |
| 4:39 | Create | Villager (Male) |
| 4:39 | Create | Villager (Male) |
| 5:18 | Build | Lumber Camp |
| 5:25 | Create | Villager (Male) |
| 5:26 | Create | Villager (Male) |
| 5:26 | Create | Villager (Male) |
| 5:51 | Create | Villager (Male) |
| 5:52 | Create | Villager (Male) |
| 5:52 | Create | Villager (Male) |
| 6:24 | Create | Villager (Male) |
| 6:25 | Create | Villager (Male) |
| 6:25 | Create | Villager (Male) |
| 6:38 | Create | Villager (Male) |
| 6:38 | Create | Villager (Male) |
| 6:38 | Create | Villager (Male) |
| 7:21 | Create | Villager (Male) |
| 7:21 | Create | Villager (Male) |
| 7:21 | Create | Villager (Male) |
| 7:30 | Build | House |
| 7:59 | Create | Villager (Male) |
| 8:00 | Create | Villager (Male) |
| 8:43 | Create | Villager (Male) |
| 8:43 | Create | Villager (Male) |
| 8:43 | Create | Villager (Male) |
| 8:44 | Create | Villager (Male) |
| 8:56 | Build | Dock |
| 8:59 | Create | Villager (Male) |
| 8:59 | Create | Villager (Male) |
| 8:59 | Create | Villager (Male) |
| 9:30 | Research | Loom |
| 9:30 | Create | Villager (Male) |
| 9:31 | Create | Villager (Male) |
| 9:31 | Create | Villager (Male) |
| 10:01 | Create | Villager (Male) |
| 10:01 | Create | Villager (Male) |
| 10:25 | Create | Villager (Male) |
| 10:25 | Create | Villager (Male) |
| 10:26 | Create | Villager (Male) |
| 10:26 | Create | Villager (Male) |
| 10:42 | Build | House |
| 10:43 | Build | House |
| 10:44 | Create | Fishing Ship |
| 10:44 | Create | Fishing Ship |
| 10:45 | Create | Fishing Ship |
| 10:45 | Create | Fishing Ship |
| 10:45 | Create | Fishing Ship |
| 10:45 | Create | Fishing Ship |
| 10:46 | Create | Fishing Ship |
| 11:21 | Build | Dock |
| 11:26 | Create | Villager (Male) |
| 11:28 | Create | Villager (Male) |
| 11:28 | Create | Villager (Male) |
| 11:38 | Create | Villager (Male) |
| 11:38 | Create | Villager (Male) |
| 11:53 | Build | House |
| 11:54 | Build | House |
| 12:09 | Create | Villager (Male) |
| 12:31 | Create | Villager (Male) |
| 12:39 | Create | Villager (Male) |
| 12:50 | Create | Fishing Ship |
| 12:50 | Create | Fishing Ship |
| 12:51 | Create | Fishing Ship |
| 12:51 | Create | Fishing Ship |
| 13:02 | Build | House |
| 13:34 | Build | House |
| 14:04 | Create | Villager (Male) |
| 14:04 | Create | Villager (Male) |
| 14:15 | Research | Feudal Age |
| 14:31 | Create | Fishing Ship |
| 14:32 | Create | Fishing Ship |
| 14:32 | Create | Fishing Ship |
| 14:32 | Create | Fishing Ship |
| 14:32 | Create | Fishing Ship |
| 14:39 | Build | House |
| 14:43 | Build | House |
| 15:28 | Create | Villager (Male) |
| 15:29 | Create | Villager (Male) |
| 15:29 | Create | Villager (Male) |
| 15:37 | Create | Fishing Ship |
| 15:38 | Create | Fishing Ship |
| 15:38 | Create | Fishing Ship |
| 16:19 | Build | Mining Camp |
| 16:25 | Age | Feudal Age |
| 16:32 | Research | Wheelbarrow |
| 16:33 | Create | Villager (Male) |
| 17:05 | Build | Mill |
| 17:14 | Build | House |
| 17:15 | Build | House |
| 17:15 | Build | House |
| 17:16 | Build | House |
| 18:08 | Research | Double-Bit Axe |
| 18:11 | Research | Gold Mining |
| 18:19 | Create | Villager (Male) |
| 18:19 | Create | Villager (Male) |
| 18:19 | Create | Villager (Male) |
| 18:20 | Create | Villager (Male) |
| 18:32 | Build | Blacksmith |
| 18:44 | Create | Villager (Male) |
| 18:45 | Create | Villager (Male) |
| 19:28 | Build | Market |
| 19:50 | Research | Forging |
| 19:51 | Research | Scale Barding Armor |
| 20:09 | Create | Fire Galley |
| 20:09 | Create | Fire Galley |
| 20:17 | Build | House |
| 20:17 | Build | House |
| 20:17 | Build | House |
| 20:17 | Build | House |
| 20:41 | Build | Mining Camp |
| 20:45 | Research | Castle Age |
| 21:16 | Research | Stone Mining |
| 21:24 | Research | Tech 906 |
| 21:31 | Build | House |
| 21:32 | Build | House |
| 21:32 | Build | House |
| 22:55 | Build | Barracks |
| 23:11 | Create | Villager (Male) |
| 23:12 | Create | Villager (Male) |
| 23:29 | Age | Castle Age |
| 23:36 | Build | Stable |
| 23:39 | Build | Stable |
| 24:08 | Research | Bow Saw |
| 24:13 | Research | Stone Shaft Mining |
| 24:13 | Research | Gold Shaft Mining |
| 24:21 | Research | Gold Shaft Mining |
| 24:27 | Research | Iron Casting |
| 24:28 | Research | Chain Barding Armor |
| 24:39 | Research | Bloodlines |
| 24:40 | Research | Husbandry |
| 24:41 | Create | Steppe Lancer |
| 24:41 | Create | Steppe Lancer |
| 24:42 | Create | Steppe Lancer |
| 24:42 | Create | Steppe Lancer |
| 24:42 | Create | Steppe Lancer |
| 24:54 | Build | Stable |
| 24:59 | Create | Steppe Lancer |
| 24:59 | Create | Steppe Lancer |
| 24:59 | Create | Steppe Lancer |
| 25:03 | Create | Villager (Male) |
| 25:03 | Create | Villager (Male) |
| 25:04 | Create | Villager (Male) |
Build order — Cpl.Psnype.ANZACS.NZ
First 150 of 230 actions detected
| 1:03 | Build | Town Center |
| 2:37 | Create | Villager (Male) |
| 2:37 | Create | Villager (Male) |
| 2:37 | Create | Villager (Male) |
| 2:38 | Create | Villager (Male) |
| 3:07 | Build | House |
| 3:09 | Build | House |
| 3:58 | Create | Villager (Male) |
| 5:04 | Create | Villager (Male) |
| 5:06 | Create | Villager (Male) |
| 5:45 | Research | Loom |
| 6:10 | Create | Villager (Male) |
| 6:10 | Create | Villager (Male) |
| 7:13 | Create | Villager (Male) |
| 7:15 | Create | Villager (Male) |
| 7:17 | Create | Villager (Male) |
| 7:24 | Build | House |
| 8:02 | Build | Barracks |
| 8:36 | Create | Villager (Male) |
| 8:37 | Create | Villager (Male) |
| 8:37 | Create | Villager (Male) |
| 9:04 | Build | Mill |
| 9:09 | Create | Villager (Male) |
| 9:22 | Create | Villager (Male) |
| 9:34 | Create | Militia |
| 10:20 | Build | House |
| 10:21 | Build | House |
| 10:37 | Build | Mill |
| 10:48 | Create | Villager (Male) |
| 10:50 | Create | Villager (Male) |
| 11:16 | Create | Villager (Male) |
| 11:54 | Create | Villager (Male) |
| 11:58 | Create | Villager (Male) |
| 12:49 | Create | Villager (Male) |
| 12:50 | Create | Villager (Male) |
| 13:07 | Create | Villager (Male) |
| 13:16 | Create | Villager (Male) |
| 13:40 | Create | Villager (Male) |
| 14:05 | Build | House |
| 14:08 | Build | House |
| 14:54 | Create | Villager (Male) |
| 14:58 | Research | Feudal Age |
| 15:25 | Build | Mining Camp |
| 16:08 | Create | Villager (Male) |
| 16:09 | Create | Villager (Male) |
| 17:08 | Age | Feudal Age |
| 17:19 | Build | Market |
| 17:29 | Build | Blacksmith |
| 17:59 | Research | Castle Age |
| 18:02 | Research | Man-at-Arms (upgrade) |
| 18:13 | Research | Gold Mining |
| 18:16 | Research | Stone Mining |
| 18:27 | Create | Villager (Male) |
| 18:33 | Create | Villager (Male) |
| 18:38 | Research | Scale Mail Armor |
| 19:13 | Research | Forging |
| 19:30 | Research | Horse Collar |
| 19:46 | Build | Lumber Camp |
| 20:39 | Age | Castle Age |
| 20:44 | Build | Town Center |
| 21:21 | Research | Long Swordsman (upgrade) |
| 21:21 | Research | Squires |
| 21:28 | Research | Chain Mail Armor |
| 21:28 | Research | Iron Casting |
| 21:42 | Build | Mill |
| 22:09 | Research | Iron Casting |
| 22:13 | Create | Villager (Male) |
| 22:14 | Create | Villager (Male) |
| 22:41 | Create | Villager (Male) |
| 22:44 | Create | Villager (Male) |
| 22:46 | Create | Villager (Male) |
| 22:48 | Create | Villager (Male) |
| 22:48 | Create | Villager (Male) |
| 23:13 | Build | Town Center |
| 23:20 | Create | Villager (Male) |
| 23:20 | Create | Villager (Male) |
| 23:48 | Create | Militia ×5 |
| 24:09 | Build | Siege Workshop |
| 24:14 | Create | Villager (Male) |
| 24:16 | Create | Villager (Male) |
| 24:33 | Create | Villager (Male) |
| 24:37 | Build | House |
| 24:39 | Build | House |
| 24:43 | Build | House |
| 24:45 | Build | House |
| 24:46 | Build | House |
| 24:52 | Create | Villager (Male) ×4 |
| 25:22 | Create | Battering Ram |
| 25:22 | Create | Battering Ram |
| 25:28 | Create | Villager (Male) |
| 25:28 | Create | Villager (Male) |
| 25:30 | Create | Villager (Male) |
| 25:43 | Create | Villager (Male) |
| 25:55 | Create | Villager (Male) |
| 25:57 | Create | Villager (Male) |
| 25:59 | Create | Villager (Male) |
| 26:04 | Build | Farm |
| 26:07 | Build | Farm |
| 26:07 | Build | Farm |
| 26:08 | Build | Farm |
| 26:08 | Build | Farm |
| 26:08 | Build | Farm |
| 26:10 | Build | Farm |
| 26:14 | Build | Farm |
| 26:36 | Research | Double-Bit Axe |
| 26:43 | Create | Villager (Male) |
| 26:58 | Build | Farm |
| 26:58 | Build | Farm |
| 26:58 | Build | Farm |
| 26:59 | Build | Farm |
| 26:59 | Build | Farm |
| 27:02 | Create | Villager (Male) |
| 27:10 | Create | Villager (Male) |
| 27:10 | Create | Villager (Male) |
| 27:13 | Create | Villager (Male) |
| 27:21 | Create | Villager (Male) |
| 27:36 | Build | Farm |
| 27:36 | Build | Farm |
| 27:36 | Build | Farm |
| 27:37 | Build | Farm |
| 27:37 | Build | Farm |
| 27:47 | Build | Farm |
| 27:48 | Build | Farm |
| 27:49 | Build | Farm |
| 27:52 | Create | Villager (Male) ×2 |
| 27:59 | Create | Villager (Male) |
| 28:00 | Create | Villager (Male) |
| 28:00 | Create | Villager (Male) |
| 28:02 | Create | Villager (Male) |
| 28:18 | Create | Villager (Male) |
| 28:22 | Create | Villager (Male) |
| 28:30 | Build | Farm |
| 28:30 | Build | Farm |
| 28:31 | Build | Farm |
| 28:31 | Build | Farm |
| 28:31 | Build | Farm |
| 28:31 | Build | Farm |
| 28:32 | Build | Farm |
| 28:32 | Build | Farm |
| 28:32 | Build | Farm |
| 28:35 | Build | Farm |
| 28:46 | Build | Mill |
| 28:51 | Build | Farm |
| 28:53 | Create | Villager (Male) ×4 |
| 29:14 | Research | Heavy Plow |
| 29:30 | Build | Mining Camp |
| 31:11 | Create | Villager (Male) ×5 |
| 31:11 | Create | Villager (Male) ×5 |
| 31:12 | Create | Villager (Male) ×5 |
| 31:12 | Create | Villager (Male) ×5 |
Build order — puchinomicon
First 150 of 287 actions detected
| 1:35 | Build | Town Center |
| 3:09 | Build | House |
| 3:29 | Create | Villager (Male) |
| 3:29 | Create | Villager (Male) |
| 3:30 | Create | Villager (Male) |
| 3:30 | Create | Villager (Male) |
| 3:52 | Build | House |
| 4:23 | Build | House |
| 4:34 | Create | Villager (Male) |
| 5:03 | Build | Lumber Camp |
| 5:07 | Create | Villager (Male) |
| 5:37 | Create | Villager (Male) |
| 5:45 | Build | House |
| 5:55 | Create | Villager (Male) |
| 5:55 | Create | Villager (Male) |
| 6:56 | Create | Villager (Male) |
| 7:30 | Create | Villager (Male) |
| 7:46 | Create | Villager (Male) |
| 8:04 | Create | Villager (Male) |
| 8:25 | Build | Mill |
| 8:39 | Create | Villager (Male) |
| 8:55 | Create | Villager (Male) |
| 8:55 | Create | Villager (Male) |
| 9:27 | Create | Villager (Male) |
| 9:27 | Create | Villager (Male) |
| 9:59 | Create | Villager (Male) |
| 11:15 | Build | Barracks |
| 12:04 | Build | Mining Camp |
| 12:22 | Research | Feudal Age |
| 12:24 | Research | Loom |
| 12:26 | Create | Villager (Male) |
| 13:10 | Create | Villager (Male) |
| 13:10 | Create | Villager (Male) |
| 13:11 | Create | Villager (Male) |
| 13:26 | Create | Villager (Male) |
| 13:26 | Create | Villager (Male) |
| 13:27 | Create | Villager (Male) |
| 13:38 | Create | Villager (Male) |
| 13:38 | Create | Villager (Male) |
| 14:05 | Create | Villager (Male) |
| 14:05 | Create | Villager (Male) |
| 14:07 | Create | Villager (Male) |
| 14:29 | Create | Villager (Male) |
| 14:48 | Create | Villager (Male) |
| 15:28 | Build | Stable |
| 15:32 | Build | Archery Range |
| 15:56 | Build | House |
| 15:58 | Build | House |
| 16:16 | Create | Villager (Male) |
| 16:16 | Create | Villager (Male) |
| 16:17 | Create | Villager (Male) |
| 16:17 | Create | Villager (Male) |
| 16:40 | Create | Villager (Male) |
| 16:40 | Create | Villager (Male) |
| 16:40 | Create | Villager (Male) |
| 17:01 | Build | Mill |
| 18:00 | Build | Dock |
| 18:09 | Create | Villager (Male) |
| 18:10 | Create | Villager (Male) |
| 18:27 | Build | House |
| 18:30 | Build | House |
| 18:34 | Build | House |
| 18:36 | Build | House |
| 18:37 | Build | House |
| 19:20 | Build | Blacksmith |
| 20:34 | Research | Castle Age |
| 21:13 | Build | Market |
| 21:30 | Build | Barracks |
| 21:33 | Create | Villager (Male) |
| 21:34 | Create | Villager (Male) |
| 21:34 | Create | Villager (Male) |
| 21:35 | Create | Villager (Male) |
| 21:35 | Create | Villager (Male) |
| 21:36 | Create | Villager (Male) |
| 21:36 | Create | Villager (Male) |
| 21:36 | Create | Villager (Male) |
| 22:01 | Build | Farm |
| 22:12 | Build | Mining Camp |
| 22:23 | Create | Villager (Male) |
| 22:24 | Create | Villager (Male) |
| 22:30 | Build | Farm |
| 22:36 | Build | Farm |
| 22:45 | Build | Farm |
| 22:59 | Research | Arson |
| 23:02 | Research | Man-at-Arms (upgrade) |
| 23:56 | Build | Monastery |
| 24:21 | Build | University |
| 24:30 | Build | Farm |
| 24:39 | Build | Farm |
| 24:46 | Build | Lumber Camp |
| 24:57 | Create | Monk |
| 25:47 | Build | Stable |
| 25:50 | Create | Trade Cart |
| 26:06 | Build | Farm |
| 26:15 | Create | Villager (Male) |
| 26:15 | Create | Villager (Male) |
| 26:16 | Create | Villager (Male) |
| 26:17 | Create | Villager (Male) |
| 26:17 | Create | Villager (Male) |
| 26:18 | Create | Villager (Male) |
| 26:18 | Create | Villager (Male) |
| 26:19 | Create | Villager (Male) |
| 26:21 | Build | Farm |
| 26:42 | Build | Lumber Camp |
| 26:57 | Research | Pikeman (upgrade) |
| 27:08 | Build | Farm |
| 27:12 | Build | Farm |
| 27:55 | Research | Squires |
| 27:56 | Research | Gambesons |
| 27:58 | Create | Spearman |
| 27:58 | Create | Spearman |
| 28:10 | Build | Farm |
| 28:13 | Build | Farm |
| 28:17 | Create | Villager (Male) |
| 28:17 | Create | Villager (Male) |
| 28:38 | Build | Town Center |
| 28:52 | Create | Fire Galley |
| 28:56 | Create | Fire Galley |
| 28:57 | Create | Fire Galley |
| 29:05 | Research | Double-Bit Axe |
| 29:18 | Build | House |
| 29:30 | Research | Light Cavalry (upgrade) |
| 29:56 | Build | Stable |
| 30:26 | Build | Mining Camp |
| 30:35 | Create | Villager (Male) |
| 30:37 | Create | Villager (Male) |
| 30:38 | Create | Villager (Male) |
| 30:46 | Build | Town Center |
| 30:52 | Research | Horse Collar |
| 31:10 | Build | Lumber Camp |
| 31:16 | Research | Gold Mining |
| 32:09 | Research | Wheelbarrow |
| 32:11 | Research | Town Watch |
| 32:19 | Build | Farm |
| 32:31 | Create | Villager (Male) |
| 32:31 | Create | Villager (Male) |
| 32:48 | Create | Villager (Male) |
| 32:48 | Create | Villager (Male) |
| 32:58 | Create | Fishing Ship |
| 32:58 | Create | Fishing Ship |
| 33:04 | Build | Farm |
| 34:00 | Build | Farm |
| 34:03 | Build | Fish Trap |
| 34:07 | Build | Farm |
| 34:16 | Create | Villager (Male) |
| 34:16 | Create | Villager (Male) |
| 34:17 | Create | Villager (Male) |
| 34:17 | Create | Villager (Male) |
| 34:24 | Build | Fish Trap |
| 34:27 | Create | Fishing Ship |
Match timeline
| 1:11 | Pascucito · first_building Dock |
| 8:02 | Cpl.Psnype.ANZACS.NZ · first_building Barracks |
| 8:56 | Minion · first_building Dock |
| 10:15 | Umbra · first_building Barracks |
| 11:15 | puchinomicon · first_building Barracks |
| 11:51 | Umbra · first_building Dock |
| 13:35 | Pascucito · age_up feudal |
| 13:45 | MR WOODY · first_building Barracks |
| 13:47 | Umbra · age_up feudal |
| 15:02 | MR WOODY · age_up feudal |
| 15:20 | MR WOODY · wall_segment Stone Wall x14 |
| 15:28 | puchinomicon · first_building Stable |
| 15:32 | puchinomicon · first_building Archery Range |
| 16:25 | Minion · age_up feudal |
| 17:08 | Cpl.Psnype.ANZACS.NZ · age_up feudal |
| 17:52 | MR WOODY · first_market_sell 100 food |
| 18:00 | puchinomicon · first_building Dock |
| 18:08 | Umbra · first_building Archery Range |
| 18:09 | MR WOODY · wall_segment Stone Wall x11 |
| 19:00 | MR WOODY · wall_segment Stone Wall x1 |
| 19:23 | MR WOODY · wall_segment Stone Wall x9 |
| 20:15 | MR WOODY · wall_segment Stone Wall x8 |
| 20:20 | MR WOODY · wall_segment Stone Wall x8 |
| 20:35 | MR WOODY · age_up castle |
| 20:39 | Cpl.Psnype.ANZACS.NZ · age_up castle |
| 21:30 | MR WOODY · wall_segment Stone Wall x5 |
| 22:55 | Minion · first_building Barracks |
| 23:22 | Umbra · age_up castle |
| 23:29 | Minion · age_up castle |
| 23:36 | Minion · first_building Stable |
| 23:56 | puchinomicon · first_building Monastery |
| 24:09 | Cpl.Psnype.ANZACS.NZ · first_building Siege Workshop |
| 25:54 | MR WOODY · first_market_buy 100 stone |
| 26:15 | MR WOODY · first_building Castle |
| 27:00 | Minion · first_building Castle |
| 30:03 | Pascucito · age_up castle |
| 31:04 | MR WOODY · first_building Siege Workshop |
| 31:12 | MR WOODY · first_building Stable |
| 31:53 | Pascucito · first_building Castle |
| 33:11 | Pascucito · first_building Monastery |
| 33:57 | Umbra · first_building Monastery |
| 34:42 | MR WOODY · age_up imperial |
| 35:11 | MR WOODY · first_building Archery Range |
| 35:27 | Minion · first_building Archery Range |
| 37:15 | Umbra · first_building Castle |
| 37:54 | Pascucito · age_up imperial |
| 38:23 | Umbra · wall_segment Palisade Wall x1 |
| 38:34 | Umbra · wall_segment Palisade Wall x24 |
| 38:52 | puchinomicon · first_building Castle |
| 39:26 | Cpl.Psnype.ANZACS.NZ · first_building Castle |
| 41:10 | Pascucito · first_building Siege Workshop |
| 42:42 | Minion · first_building Siege Workshop |
| 45:10 | Umbra · age_up imperial |
| 46:11 | Minion · age_up imperial |
| 48:45 | Umbra · wall_segment Stone Wall x1 |
| 48:53 | Umbra · wall_segment Stone Wall x11 |
| 49:45 | Cpl.Psnype.ANZACS.NZ · resign |
[ AI ANALYSIS · 1 CREDIT ]
What really happened in this match?
Wolo.gg analyzes every decision: build order, eco, micro, common mistakes by bracket. Personalized analysis on WhatsApp or Discord in 30 seconds.
Civ guide
Vietnamese
Perfil
Umbra